 Dungeon Crawl Stone Soup version 0.32-a0-918-g0f22ef8d61 (webtiles) character file.

Game seed: 6145693469767210232

189 Essalna the Digger (level 5, -1/31 HPs)
             Began as a Gargoyle Earth Elementalist on Apr 11, 2024.
             Killed by divine providence
             ... invoked by an orc priest
              (13 damage)
             ... on level 3 of the Dungeon.
             The game lasted 00:03:03 (2783 turns).

Essalna the Digger (Gargoyle Earth Elementalist)    Turns: 2783, Time: 00:03:03

Health: -1/31      AC:  7    Str: 11    XL:     5   Next: 68%
Magic:  9/9        EV: 11    Int: 18    God:
Gold:   186        SH:  0    Dex: 10    Spells: 6/10 levels left

rFire   . . .        (no weapon)
rCold   . . .        (no shield)
rNeg    + . .        a - +0 robe
rPois   ∞            (no helmet)
rElec   +            k - +0 cloak
rCorr   .            (no gloves)
SInv    .            (no boots)
Will    .....        (no amulet)
Stlth   ++           (no ring)
HPRegen 0.25/turn    (no ring)
MPRegen 0.11/turn

%: no passive effects
@: no status effects
A: sickness immunity, AC +4, negative energy resistance 1, electricity
resistance, torment resistance 1, petrification resistance
a: Convert to Beogh


You were on level 3 of the Dungeon.
You visited 1 branch of the dungeon, and saw 3 of its levels.

You collected 186 gold pieces.

Inventory:

Armour
 a - a +0 robe (worn)
 k - a +0 cloak (worn)
Scrolls
 d - 7 scrolls of identify {unknown}
 e - 4 scrolls of vulnerability {unknown}
 i - a scroll of noise {unknown}
 m - 3 scrolls of blinking {unknown}
Potions
 b - 3 potions of magic
 c - a potion of mutation {unknown}
 f - a potion of heal wounds {unknown}
 g - a potion of degeneration {unknown}
 h - 2 potions of might {unknown}
 j - 2 potions of enlightenment {unknown}
 l - a potion of curing {unknown}
 n - a potion of lignification {unknown}


   Skills:
 + Level 2.6 Fighting
 - Level 1.5 Dodging
 - Level 2.1 Stealth
 + Level 3.1 Spellcasting
 + Level 3.1 Conjurations
 + Level 4.8 Earth Magic


You had 6 spell levels left.
You knew the following spells:

 Your Spells              Type           Power      Damage    Failure   Level
a - Sandblast             Erth           40%        2d10      2%          1
b - Stone Arrow           Conj/Erth      34%        3d9       10%         3

Your spell library contained the following spells:

 Spells                   Type           Power      Damage    Failure   Level
 Passwall                 Erth           20%        N/A       7%          3
 Brom's Barrelling Bould  Conj/Erth      17%        2d4       30%         4
 Petrify                  Alch/Erth      11%        N/A       52%         4


Dungeon Overview and Level Annotations

Branches:
Dungeon (3/15)

Altars:
Dithmenos
Hepliaklqana
Trog
Xom
Beogh


Innate Abilities, Weirdness & Mutations

You are immune to sickness and miasma.
Your stone body is resilient. (AC +4)
You are immune to poison.
You resist negative energy. (rN+)
You are resistant to electric shocks. (rElec)
You are resistant to unholy torment.
You are immune to petrification.


Message History

The blast of sand hits the orc priest.
You kill the orc priest!
The orc priest threatens, "Beogh's wrath is as vast as their mercy.
Make your choice!" The orc priest barely misses you.
Your Conjurations skill increases to level 3!
Casting: Sandblast (safe; 2% risk of failure)
Confirm with . or Enter, or press ? or * to list all spells.
Aiming: Sandblast (safe; 2% risk of failure)
Press: ? - help, Shift-Dir - straight line, f - orc priest
Aim: an orc priest, wielding a +0 short sword and wearing a +0 ring mail (85% to hit)
The blast of sand hits the orc priest.
The orc priest is moderately wounded.
The orc priest barely misses you. The orc priest misses you.
Casting: Sandblast (safe; 2% risk of failure)
Confirm with . or Enter, or press ? or * to list all spells.
Aiming: Sandblast (safe; 2% risk of failure)
Press: ? - help, Shift-Dir - straight line, f/p - orc priest
Aim: an orc priest, wielding a +0 short sword and wearing a +0 ring mail (moderately wounded, 85% to hit)
The blast of sand hits the orc priest but does no damage.
The orc priest is moderately wounded.
The orc priest hits you with a +0 short sword.
Casting: Sandblast (safe; 2% risk of failure)
Confirm with . or Enter, or press ? or * to list all spells.
Aiming: Sandblast (safe; 2% risk of failure)
Press: ? - help, Shift-Dir - straight line, f/p - orc priest
Aim: an orc priest, wielding a +0 short sword and wearing a +0 ring mail (moderately wounded, 85% to hit)
The blast of sand hits the orc priest but does no damage.
The orc priest is moderately wounded.
The orc priest begins to cast a cantrip, but forgets the words!
The orc priest hits you but does no damage.
The orc priest shouts!
Casting: Sandblast (safe; 2% risk of failure)
Confirm with . or Enter, or press ? or * to list all spells.
You don't have enough magic to cast this spell.
Unknown command.
Magic courses through your body.
The orc priest threatens, "Beogh's wrath is as vast as their mercy.
Make your choice!"
The orc priest invokes the aid of Beogh against you.
Beogh smites you!
You die...

.....+.......(.........(.........
....##.....##.÷........#.#.......
....##......#..).......#.#...#.#)
....####..#####.#........#.#.#.#.
....# #.##$$$###.#.....##...#.#.
....####.#.ß$ß.##.#..............
.....#...#_.$.)o(.#.......#+#..##
.........#$ß$ß.#o.##)...#........
.........##.$o##@$....).......###
..........#####...............#
.....#......#........##.......#
.....#......###......##.....###
######......# #......##.....#
#......# #......####...# #......#
#......# #...# #......# #......#
#...# ######## #......# #...#


You could see 2 orc priests.

Vanquished Creatures
  A hound (D:3)
  2 orc priests (D:3)
  A gnoll (D:1)
  3 adders
  2 dart slugs
  3 ribbon worms (D:2)
  4 orcs (D:3)
  4 ball pythons
  7 endoplasms
  A giant cockroach (D:2)
  6 goblins
  A hobgoblin (D:3)
  2 jackals (D:1)
  6 bats
  6 frilled lizards
  3 kobolds (D:2)
  4 rats
56 creatures vanquished.

Notes
Turn   | Place    | Note
-------+----------+-------------------------------------------
     0 | D:1      | Essalna the Gargoyle Earth Elementalist began the quest for
                  | the Orb.
     0 | D:1      | Reached XP level 1. HP: 10/10 MP: 3/3
   411 | D:1      | Reached XP level 2. HP: 16/16 MP: 3/5
   476 | D:1      | Reached skill level 1 in Fighting
   502 | D:1      | Reached skill level 4 in Earth Magic
   668 | D:1      | Reached XP level 3. HP: 19/20 MP: 2/6
   726 | D:1      | Learned a level 3 spell: Stone Arrow
  1786 | D:2      | Reached XP level 4. HP: 26/26 MP: 4/7
  2496 | D:3      | Reached XP level 5. HP: 30/30 MP: 7/9
  2599 | D:3      | Found a shimmering altar of Xom.
  2679 | D:3      | Found a hazy altar of Hepliaklqana.
  2682 | D:3      | Found a shadowy altar of Dithmenos.
  2689 | D:3      | Found a bloodstained altar of Trog.
  2769 | D:3      | Found a roughly hewn altar of Beogh.
  2783 | D:3      | Killed from afar by an orc priest

Illustrated notes

Levels and vault maps discovered:
D:1:      amcnicky_arrival_abandoned_market, layout_basic
D:2:      layout_basic, minmay_pentomino_z2
D:3:      layout_basic, nicolae_overflow_macrodata_refinement,
          kennysheep_orc_chapel

Skill      XL: |  1  2  3  4  5 |
---------------+----------------+-----
Fighting       | 1 2 |  2.6
Earth Magic    | 4 |  4.8
Conjurations   | 2 3 |  3.1
Spellcasting   | 3 |  3.1
Dodging        | |  1.5
Stealth        | |  2.1

Action                     |  1- 3 |  4- 6 || total
---------------------------+-------+-------++-------
  Melee: Unarmed           |       |    19 ||    19
   Cast: Sandblast         |    51 |    52 ||   103
    Use: Potion            |       |     1 ||     1
 Armour: Robe              |     3 |    28 ||    31
  Dodge: Dodged            |     4 |    33 ||    37

Table legend: (Time is in decaauts)
 A = Elapsed time spent in this place.
 B = Non-inter-level travel time spent in this place.
 C = Inter-level travel time spent in this place.
 D = Time resting spent in this place.
 E = Time spent auto-exploring this place.
 F = Levels seen in this place.
 G = Mean time per level.
                   A        B        C        D        E       F      G
               +--------+--------+--------+--------+--------+-----+--------+
         Total |   2833 |   2712 |    121 |      0 |   2364 |   3 |  944.3 |
       Dungeon |   2833 |   2712 |    121 |      0 |   2364 |   3 |  944.3 |
               +--------+--------+--------+--------+--------+-----+--------+

Top non-repeatable levels by time:
     D:1: 1090 daAuts
     D:2: 1010 daAuts
     D:3: 733 daAuts
